 Dungeon Crawl Stone Soup version 0.28-a0-563-gf77a47075d (webtiles) character file.

Game seed: 2703108413076998810

0 spiderkeys the Skirmisher (level 1, -3/23 HPs)
             Began as a Gnoll Abyssal Knight on Sept 30, 2021.
             Was a Follower of Lugonu.
             Slain by a tentacled starspawn (19 damage)
             ... on level 1 of the Abyss.
             The game lasted 00:01:15 (128 turns).

spiderkeys the Skirmisher (Gnoll Abyssal Knight)     Turns: 128, Time: 00:01:15

Health: -3/23      AC:  3    Str: 12    XL:     1   Next: 0%
Magic:  3/3        EV:  9    Int:  9    God:    Lugonu [*.....]
Gold:   20         SH:  0    Dex: 12    Spells: 0/0 levels left

rFire   . . .      SeeInvis .   a - +1 spear (venom)
rCold   . . .      Faith    .   (no shield)
rNeg    . . .      Spirit   .   b - +0 leather armour
rPois   .          Reflect  .   (no helmet)
rElec   .          Harm     .   (no cloak)
rCorr   .          Rampage  .   (no gloves)
Will    .....                   (no boots)
Stlth   +.........              (no amulet)
HPRegen 0.07/turn               (no ring)
MPRegen 0.08/turn               (no ring)

@: constricted
A: fangs 1, strong nose, distributed training
a: Renounce Religion, Depart the Abyss


You were on level 1 of the Abyss.
You worshipped Lugonu.
Lugonu was aware of your devotion.
You visited 0 branches of the dungeon, and saw 0 of its levels.
You visited the Abyss 1 time.

You collected 20 gold pieces.


Innate Abilities, Weirdness & Mutations

You have very sharp teeth.
Your uncanny sense of smell can sniff out nearby items.
Your experience applies equally to all skills.


   Skills:
 + Level 6.4 Fighting
 + Level 0.0 Short Blades
 + Level 0.0 Long Blades
 + Level 0.0 Axes
 + Level 0.0 Maces & Flails
 + Level 4.4 Polearms
 + Level 0.0 Staves
 + Level 0.0 Slings
 + Level 0.0 Bows
 + Level 0.0 Crossbows
 + Level 0.0 Throwing
 + Level 4.4 Armour
 + Level 2.3 Dodging
 + Level 0.0 Stealth
 + Level 0.0 Shields
 + Level 0.0 Unarmed Combat
 + Level 0.0 Spellcasting
 + Level 0.0 Conjurations
 + Level 0.0 Hexes
 + Level 0.0 Summonings
 + Level 0.0 Necromancy
 + Level 0.0 Translocations
 + Level 0.0 Transmutations
 + Level 0.0 Fire Magic
 + Level 0.0 Ice Magic
 + Level 0.0 Air Magic
 + Level 0.0 Earth Magic
 + Level 0.0 Poison Magic
 + Level 4.4 Invocations
 + Level 0.0 Evocations


You couldn't memorise any spells.
You didn't know any spells.
Your spell library was empty.

Inventory:

Hand Weapons
 a - a +1 spear of venom (weapon)
Armour
 b - a +0 leather armour (worn)
Scrolls
 c - 2 scrolls of identify {@r1}

Dungeon Overview and Level Annotations

Branches:
Dungeon (0/15)

Altars:

## #. .#
.##.###
._....#.#.###
....#.##..w@#
..#....#X##
#..##.w## .#
#...#..## ∆
.....# #....#
#........#.
.#........###
#...#...##.#
.# #.# .....#


You could see a tentacled starspawn and 2 starspawn tentacles.


Message History

🤖 Initializing magus.rc ...
Options error: Delay interrupt name "hungry" not recognised. (~/.crawlrc:4988) ✅ Successfully initialized magus.rc [v1.9.10] Welcome, spiderkeys the Gnoll Abyssal Knight.
The bosom of this dungeon contains the fabulous artefact, the Orb of Zot.
Lugonu says: Depart the Abyss and spread corruption, my servant! (use the ability menu to exit the Abyss) Press ? for a list of commands and other information.
Found a corrupted altar of Lugonu.
Found a gateway leading out of the Abyss.
Found 3 scrolls labelled YRYDWE GIPU.
Found a corrupted altar of Lugonu.
c - 3 scrolls labelled YRYDWE GIPU
d - a scroll labelled JIMUTETOZE You now have 7 gold pieces.
You now have 20 gold pieces (gained 13).
Found a viscous altar of Jiyva.
A tentacled starspawn appears in a shower of sparks.
A tentacle flies out from the starspawn's body!
A starspawn tentacle comes into view.
The starspawn tentacle grabs you. The starspawn tentacle constricts you.
A starspawn tentacle comes into view. 😕 HP[-2]
You take 2 damage, and now have 21/23 hp.
The starspawn tentacle's grasp on you weakens, but your attempt to escape fails.
The starspawn tentacle loses its grip on you.
The tentacle pulls you backwards! The starspawn tentacle grabs you.
The starspawn tentacle constricts you. 😕 HP[-2]
You take 2 damage, and now have 19/23 hp.
You escape the starspawn tentacle's grasp.
As you read the scroll labelled YRYDWE GIPU, it crumbles to dust.
It is a scroll of identify.
d - a scroll of brand weapon
As you read the scroll of brand weapon, it crumbles to dust.
Your +1 spear drips with poison.
a - a +1 spear of venom (weapon)
A tentacle flies out from the starspawn's body!
A starspawn tentacle comes into view.
You reach to attack!
You hit the starspawn tentacle but do no damage.
The starspawn tentacle grabs you.
The starspawn tentacle constricts you. 😮 HP[-2]
You take 2 damage, and now have 17/23 hp.
You hit the starspawn tentacle but do no damage.
The starspawn tentacle constricts you. The tentacled starspawn bites you!!
Ouch! That really hurt!
You die...

Action                   || total
-------------------------++-------
Melee: Spear             ||     2
  Use: Scroll            ||     2

Levels and vault maps discovered:
Abyss:1:  base: Temple, base:
Temple

Notes
Turn   | Place    | Note
-------+----------+-------------------------------------------
     0 | Abyss:1  | spiderkeys the Gnoll Abyssal Knight began the quest for the
                  | Orb.
     0 | Abyss:1  | Reached XP level 1. HP: 23/23 MP: 3/3
     0 | Abyss:1  | magus.rc [v1.9.10]
    15 | Abyss:1  | Found a corrupted altar of Lugonu.
   116 | Abyss:1  | Found a viscous altar of Jiyva.
   117 | Abyss:1  | Noticed a tentacled starspawn
   128 | Abyss:1  | Slain by a tentacled starspawn

Vanquished Creatures (others)
  A starspawn tentacle (Abyss:1)
1 creature vanquished.

Table legend:
 A = Non-vault XP
 B = Vault XP
 C = Vault XP percentage of total XP
 D = Non-vault monster count
 E = Vault monster count
 F = Vault count percentage of total count
                 A         B        C        D         E       F
            +---------+---------+-------+---------+---------+-------
      Total |       0 |       0 |   N/A |       0 |       0 |  -nan
            +---------+---------+-------+---------+---------+-------
            +---------+---------+-------+---------+---------+-------

Illustrated notes

Table legend: (Time is in decaauts)
 A = Elapsed time spent in this place.
 B = Non-inter-level travel time spent in this place.
 C = Inter-level travel time spent in this place.
 D = Time resting spent in this place.
 E = Time spent auto-exploring this place.
 F = Levels seen in this place.
 G = Mean time per level.
                   A        B        C        D        E       F      G
               +--------+--------+--------+--------+--------+-----+--------+
         Total |    127 |    127 |      0 |      0 |      9 |   1 |  127.0 |
         Abyss |    127 |    127 |      0 |      0 |      9 |   1 |  127.0 |
               +--------+--------+--------+--------+--------+-----+--------+

Top non-repeatable levels by time:
 Abyss:1: 127 daAuts
